 Dungeon Crawl Stone Soup version 0.29-a0-360-g8ed1089bbe (webtiles) character file.

Game seed: 1133727511373770764

221 zeratav the Shooter (level 5, 0/30 HPs)
             Began as a Tengu Hunter on Apr 28, 2022.
             Succumbed to a scorpion's poison
             ... on level 3 of the Dungeon.
             The game lasted 00:03:44 (1319 turns).

zeratav the Shooter (Tengu Hunter)                  Turns: 1319, Time: 00:03:44

Health: 0/30       AC:  3    Str: 11    XL:     5   Next: 98%
Magic:  6/6        EV: 14    Int:  9    God:
Gold:   138        SH:  5    Dex: 20    Spells: 4/4 levels left

rFire   . . .      SeeInvis .   a - +1 shortbow {bow}
rCold   . . .      Faith    .   (shield currently unavailable)
rNeg    . . .      Spirit   .   b - +0 leather armour
rPois   .          Reflect  +   (helmet restricted)
rElec   .          Harm     .   (no cloak)
rCorr   .          Rampage  .   (no gloves)
Will    .....                   (boots unavailable)
Stlth   ++........              e - amulet of reflection
HPRegen 0.10/turn               (no ring)
MPRegen 0.10/turn               (no ring)

@: lethally poisoned (0 -> -18), flying quickly and evasively, quick
A: beak, talons 3, nimble flight
a: no special abilities


You were on level 3 of the Dungeon.
You visited 1 branch of the dungeon, and saw 3 of its levels.

You collected 138 gold pieces.


Innate Abilities, Weirdness & Mutations

You have a beak for a mouth.
You have claws for feet.
Your magical nature lets you fly swiftly and evasively.


   Skills:
 - Level 2.0 Fighting
 + Level 7.7 Bows
 - Level 2.1 Dodging
 - Level 1.0 Stealth


You had 4 spell levels left.
You didn't know any spells.
Your spell library contained the following spells:

 Spells                   Type           Power      Damage    Failure   Level
 Summon Guardian Golem    Hex/Summ       0%         N/A       85%         3
 Orb of Destruction       Conj           0%         9d5       100%        7
 Spellforged Servitor     Conj/Summ      0%         N/A       100%        7

Inventory:

Hand Weapons
 a - a +1 shortbow (weapon) {bow}
 l - a +1 dagger of speed {short}
   (You took it off a goblin on level 2 of the Dungeon)
Armour
 b - a +0 leather armour (worn)
 g - a +0 leather armour
   (You found it on level 1 of the Dungeon)
 i - a +0 robe
   (You took it off Sigmund on level 2 of the Dungeon)
 j - a +0 robe
   (You found it on level 2 of the Dungeon)
Jewellery
 e - an amulet of reflection (around neck)
   (You found it on level 1 of the Dungeon)
 k - a ring of wizardry
   (You found it on level 2 of the Dungeon)
Scrolls
 c - a scroll of immolation {!r!r}
 d - 3 scrolls of teleportation {unknown}
Potions
 f - 2 potions of attraction {unknown}
 h - 2 potions of heal wounds {unknown}
 m - a potion of haste {unknown}

Dungeon Overview and Level Annotations

Branches:
Dungeon (3/15)

Altars:
Yredelemnul

Annotations:
D:3 Robin

.#.#.#.#)#.#.#.#.##...##...#...#
.................##...#.........
#.#.#.#.#.#.#.#.#.#.............
.................##.............
.#.#.#.#.#.#.#.#......<.........
.. ..............##...#.........
# #.#.#.#.#.#.#..##...##...#...#
...............##...##...# ..
#.#.#.#.#.#.#.s@.#######.....
.........#.#.# .......
.#.#.#.#†#..... ..##...
..s.....###g#... ... ...
.#.#.#.. ....P.. .... .. ...$.
....... #.#.. ...... .....#.


.gg .. .........g.... You could see a scorpion, Robin, a hobgoblin and a goblin.


Message History

There is a stone staircase leading up here.
A frilled lizard comes into view.
The frilled lizard hisses angrily.
You shoot an arrow. The arrow hits the frilled lizard!
You kill the frilled lizard!
You hear a shout!
A goblin comes into view. It is wielding a +0 club.
You shoot an arrow. The arrow misses the goblin.
You shoot an arrow. The arrow hits the goblin.
You shoot an arrow. The arrow closely misses the goblin.
The goblin misses you.
You shoot an arrow. The arrow hits the goblin.
The goblin closely misses you.
You shoot an arrow. The arrow closely misses the goblin.
You block the goblin's attack.
You shoot an arrow. The arrow hits the goblin!
You kill the goblin!
No target in view!
You now have 119 gold pieces (gained 14).
An adder comes into view.
You shoot an arrow. The arrow closely misses the adder.
The adder hisses angrily.
You shoot an arrow. The arrow closely misses the adder.
You shoot an arrow. The arrow hits the adder!
You kill the adder!
A goblin comes into view. It is wielding a +0 club.
You shoot an arrow. The arrow hits the goblin.
You kill the goblin!
No target in view!
No target in view!
You see here a +0 club {mace}.
You see here an adder corpse.
You now have 131 gold pieces (gained 12).
A worm comes into view.
You shoot an arrow. The arrow hits the worm!
You shoot an arrow. The arrow hits the worm!
You kill the worm!
You shoot an arrow. The endoplasm quivers.
The arrow hits the endoplasm.
You shoot an arrow. The arrow hits the endoplasm.
No target in view!
You see here 7 gold pieces.
You shoot an arrow. The arrow hits the endoplasm.
You kill the endoplasm!
You now have 138 gold pieces (gained 7).
A dart slug comes into view.
You shoot an arrow. The arrow hits the dart slug!
You kill the dart slug!
No target in view!
No target in view!
m - a ruby potion A scorpion comes into view.
You shoot an arrow. The frilled lizard hisses angrily.
The arrow hits the frilled lizard!
You kill the frilled lizard!
No target in view!
You shoot an arrow. The arrow hits the scorpion.
You shoot an arrow. The arrow barely misses the scorpion.
You shoot an arrow. The arrow hits the scorpion.
The scorpion stings you.
You are poisoned.
The scorpion poisons you! The scorpion stings you.
HP[-6]
You take 6 damage, and now have 24/30 hp.
You shoot an arrow. The arrow closely misses the scorpion.
You feel very sick. The scorpion stings you.
HP[-5]
You take 5 damage, and now have 19/30 hp.
Shoot: a) +1 shortbow {bow}
Press: ? - help, Shift-Dir - straight line, f/p - scorpion
Aim: a scorpion (moderately wounded, 67% to hit)
You shoot an arrow. The goblin shouts!
The arrow hits the scorpion.
You feel very sick. The scorpion stings you.
* * * LOW HITPOINT WARNING * * *
You are lethally poisoned!
The scorpion poisons you! You block the scorpion's attack.
HP[-5]
You take 5 damage, and now have 14/30 hp.
Shoot: a) +1 shortbow {bow}
Press: ? - help, Shift-Dir - straight line, f/p - scorpion
Aim: a scorpion (moderately wounded, 67% to hit)
You shoot an arrow. The arrow closely misses the scorpion.
The goblin shouts!
* * * LOW HITPOINT WARNING * * *
You feel very sick.
You hear a shout!
The scorpion stings you.
* * * LOW HITPOINT WARNING * * *
HP[-9]
You take 9 damage, and now have 5/30 hp.
MASSIVE DAMAGE!! (PAUSE) Shoot: a) +1 shortbow {bow}
Press: ? - help, Shift-Dir - straight line, f/p - scorpion
Aim: a scorpion (moderately wounded, 67% to hit)
You shoot an arrow.
The arrow hits the scorpion but does no damage.
You die...

Skill      XL: |  1  2  3 |
---------------+----------+-----
Bows           | 5 7 |  7.7
Fighting       | |  2.0
Dodging        | |  2.1
Stealth        | |  1.0

Action                   |  1- 3 |  4- 6 || total
-------------------------+-------+-------++-------
 Fire: Shortbow          |    68 |    42 ||   110
Armor: Leather armour    |     5 |     3 ||     8
Dodge: Dodged            |    13 |     4 ||    17
Block: Other             |     7 |     5 ||    12

Levels and vault maps discovered:
D:1:      minmay_arrival_five_plusses, layout_rooms
D:2:      layout_rooms, basic_altar, uniq_sigmund
D:3:      layout_rooms, hellmonk_ecumenical_altar_heavens_door, serial_undead,
          serial_undead_b, serial_undead_b, serial_undead_c, serial_undead_c,
          serial_undead_c, serial_undead_d, serial_undead_c, hex_large,
          uniq_robin

Notes
Turn   | Place    | Note
-------+----------+-------------------------------------------
     0 | D:1      | zeratav the Tengu Hunter began the quest for the Orb.
     0 | D:1      | Reached XP level 1. HP: 12/12 MP: 2/2
     0 | D:1      | magus.rc [v1.9.6]
    60 | D:1      | You pick up a book of Dangerous Friends and begin
                  | reading...
    60 | D:1      | You add the spells Summon Guardian Golem, Orb of
                  | Destruction and Spellforged Servitor to your library.
    81 | D:1      | Reached XP level 2. HP: 17/17 MP: 3/3
    86 | D:1      | Reached skill level 5 in Bows
   444 | D:2      | Reached XP level 3. HP: 19/21 MP: 4/4
   512 | D:2      | Found a basalt altar of Yredelemnul.
   595 | D:2      | Noticed Sigmund
   628 | D:2      | HP: 3/21 [Sigmund/+0 scythe (10)]
   893 | D:2      | Killed Sigmund
   894 | D:2      | Reached skill level 7 in Bows
   894 | D:2      | Reached XP level 4. HP: 22/26 MP: 5/5
   894 | D:2      | Gained mutation: Your magical nature lets you fly swiftly
                  | and evasively. [Tengu growth]
   894 | D:2      | Reached XP level 5. HP: 25/30 MP: 6/6
  1176 | D:3      | Noticed Robin
  1318 | D:3      | HP: 5/30 [scorpion (4)]
  1319 | D:3      | Succumbed to a scorpion's poison

Vanquished Creatures
  Sigmund (D:2)
  An adder (D:3)
  2 worms
  3 dart slugs
  2 endoplasms
  A giant cockroach (D:1)
  3 hobgoblins
  4 ball pythons
  3 bats
  4 frilled lizards
  9 goblins
  5 kobolds
  7 rats
45 creatures vanquished.

Vanquished Creatures (others)
  A withered plant (D:3)
1 creature vanquished.

Grand Total: 46 creatures vanquished

Table legend:
 A = Non-vault XP
 B = Vault XP
 C = Vault XP percentage of total XP
 D = Non-vault monster count
 E = Vault monster count
 F = Vault count percentage of total count
                 A         B        C        D         E       F
            +---------+---------+-------+---------+---------+-------
      Total |      89 |     228 |  71.9 |      43 |       2 |   4.4
            +---------+---------+-------+---------+---------+-------
        D:1 |      32 |       0 |   0.0 |      20 |       0 |   0.0
        D:2 |      26 |     228 |  89.8 |      14 |       2 |  12.5
        D:3 |      31 |       0 |   0.0 |       9 |       0 |   0.0
            +---------+---------+-------+---------+---------+-------

Illustrated notes

Table legend:
 A = Kills in this place as a percentage of kills in entire the game.
 B = Kills by you in this place as a percentage of kills by you in the entire game.
 C = Kills by friends in this place as a percentage of kills by friends in the entire game.
 D = Other kills in this place as a percentage of other kills in the entire game.
 E = Experience gained in this place as a percentage of experience gained in the entire game.
 F = Experience gained in this place divided by the number of levels of this place that you have seen.
                   A       B       C       D       E      F
               +-------+-------+-------+-------+-------+----------------------
         Total | 100.0 | 100.0 |   N/A |   N/A | 100.0 | 105.7
       Dungeon | 100.0 | 100.0 |   N/A |   N/A | 100.0 | 105.7
               +-------+-------+-------+-------+-------+----------------------

Table legend: (Time is in decaauts)
 A = Elapsed time spent in this place.
 B = Non-inter-level travel time spent in this place.
 C = Inter-level travel time spent in this place.
 D = Time resting spent in this place.
 E = Time spent auto-exploring this place.
 F = Levels seen in this place.
 G = Mean time per level.
                   A        B        C        D        E       F      G
               +--------+--------+--------+--------+--------+-----+--------+
         Total |   1312 |   1251 |     61 |    299 |    657 |   3 |  437.3 |
       Dungeon |   1312 |   1251 |     61 |    299 |    657 |   3 |  437.3 |
               +--------+--------+--------+--------+--------+-----+--------+

Top non-repeatable levels by time:
     D:1: 703 daAuts
     D:2: 502 daAuts
     D:3: 107 daAuts
